 Dungeon Crawl Stone Soup version 0.27-a0-1519-gc8121b24ce (webtiles) character file.

Game seed: 6833661692257212566

38000 Feb132020 the Stormcaller (level 14, -1/74 HPs)
             Began as a Tengu Air Elementalist on July 10, 2021.
             Was an Initiate of Gozag.
             Slain by an eight-headed hydra (2 damage)
             ... on level 6 of the Lair of Beasts.
             The game lasted 01:51:14 (24465 turns).

Feb132020 the Stormcaller (Tengu Air Elementalist) Turns: 24465, Time: 01:51:15

Health: -1/74      AC: 10    Str: 16    XL:     14   Next: 0%
Magic:  23/32      EV: 16    Int: 21    God:    Gozag
Gold:   1422       SH:  0    Dex: 15    Spells: 16/39 levels left

rFire    . . .     SeeInvis .   a - staff of air
rCold    . . .     Faith    .   (no shield)
rNeg     . . .     Spirit   .   v - +2 leather armour of Xywu {Regen+ Str+2}
rPois    .         Reflect  .   (helmet restricted)
rElec    +         Harm     .   l - +0 cloak
rCorr    .         Rampage  .   n - +1 pair of gloves
Will     +....                  (boots unavailable)
Stlth    ++........             K - amulet of the acrobat
HPRegen  1.22/turn              L - +6 ring of strength
MPRegen  0.23/turn              t - ring of wizardry

@: flying quickly and evasively, quick
A: beak, talons 3, nimble flight, iridescent scales 1, mutation resistance 1
a: Renounce Religion, Potion Petition, Call Merchant, Bribe Branch


You were on level 6 of the Lair of Beasts.
You worshipped Gozag.
Gozag was most pleased with you.
You visited 3 branches of the dungeon, and saw 16 of its levels.
You also visited: Ossuary.

You collected 3497 gold pieces.
You spent 501 gold pieces at shops.
You paid 1574 gold pieces to Gozag.

Inventory:

Hand Weapons
 b - a +4 quarterstaff of flaming
 h - a +2 dagger of protection
 w - the +6 falchion of Xigyl {speed, rF+ rC+}
   (You found it on level 9 of the Dungeon)

   Attacks with this weapon are significantly faster.
   rF:        It protects you from fire.
   rC:        It protects you from cold.
Missiles
 s - 4 throwing nets
 B - 4 boomerangs of dispersal
Armour
 d - a +0 robe
 l - a +0 cloak (worn)
 n - a +1 pair of gloves (worn)
 v - the +2 leather armour of Xywu (worn) {Regen+ Str+2}
   (You bought it in a shop on level 8 of the Dungeon)

   Str:       It affects your strength (+2).
   Regen:     It increases your rate of health regeneration.
Magical Staves
 a - a staff of air (weapon)
 f - a staff of fire
 C - a staff of conjuration
Jewellery
 p - a ring of positive energy
 t - a ring of wizardry (right hand)
 K - an amulet of the acrobat (around neck)
 L - a +6 ring of strength (left hand)
Wands
 j - a wand of iceblast (40)
 F - a wand of digging (8)
 H - a wand of flame (17)
 I - a wand of polymorph (10)
 J - a wand of acid (7)
Scrolls
 o - a scroll of amnesia
 r - 7 scrolls of teleportation
 y - 2 scrolls of brand weapon
 A - 4 scrolls of identify
 D - 2 scrolls of enchant armour
 G - a scroll of fear
Potions
 c - 5 potions of curing
 e - 2 potions of cancellation
 g - 2 potions of lignification
 i - 3 potions of brilliance
 k - a potion of mutation
 m - a potion of invisibility
 q - a potion of heal wounds
 u - a potion of resistance
 x - a potion of berserk rage
 z - 2 potions of haste
 E - 3 potions of might


   Skills:
 + Level 3.3 Fighting
 + Level 5.8 Staves
 + Level 4.1 Armour
 + Level 5.3 Dodging
 + Level 4.3 Stealth
 + Level 13.4 Spellcasting
 + Level 11.2 Conjurations
 + Level 16.8 Air Magic
 + Level 1.0 Evocations


You had 16 spell levels left.
You knew the following spells:

 Your Spells              Type           Power      Damage    Failure   Level
a - Shock                 Conj/Air       100%       1d9       0%          1
b - Static Discharge      Conj/Air       83%        N/A       1%          2
c - Airstrike             Air            45%        N/A       1%          4
d - Magic Dart            Conj           100%       1d8       1%          1
e - Searing Ray           Conj           100%       3d7       1%          2
f - Fulminant Prism       Conj/Hex       18%        3d11      2%          4
g - Silence               Hex/Air        32%        N/A       1%          5
s - Swiftness             Air            91%        N/A       0%          3
A - Apportation           Tloc           28%        N/A       2%          1

Your spell library contained the following spells:

 Spells                   Type           Power      Damage    Failure   Level
 Corpse Rot               Necr/Air       N/A        N/A       1%          2
 Animate Skeleton         Necr           28%        N/A       2%          1
 Beastly Appendage        Tmut           28%        N/A       2%          1
 Corona                   Hex            15%        N/A       2%          1
 Summon Small Mammal      Summ           56%        N/A       2%          1
 Wereblood                Tmut           14%        N/A       3%          2
 Gell's Gravitas          Tloc           7%         N/A       6%          3
 Spider Form              Tmut/Pois      7%         N/A       6%          3
 Dispel Undead            Necr           14%        3d10      21%         4
 Passage of Golubria      Tloc           N/A        N/A       21%         4
 Death Channel            Necr           7%         N/A       96%         6
 Lehudib's Crystal Spear  Conj/Erth      18%        10d6      100%        8


Dungeon Overview and Level Annotations

Branches:
Dungeon (9/15)             Temple (1/1) D:5            Lair (6/6) D:9
 Shoals (0/4) Lair:4       Spider (0/4) Lair:3        Slime (0/5) Lair:6
Ossuary (visited)
    Orc: D:9-12

Altars:
Ashenzari
Cheibriados
Dithmenos
Elyvilon
Fedhas
Gozag
Hepliaklqana
Kikubaaqudgha
Makhleb
Nemelex Xobeh
Okawaru
Qazlal
Ru
Sif Muna
Trog
Uskayaw
Vehumet
Wu Jian
Xom
Yredelemnul
Zin
The Shining One

Shops:
D:8 *[*   D:9 (   Lair:2 !

Annotations:
Lair:1 anet's ghost, journeyman GnWz


Innate Abilities, Weirdness & Mutations

You have a beak for a mouth.
You have claws for feet.
Your magical nature lets you fly swiftly and evasively.
You are partially covered in iridescent scales. (AC +2)
You are somewhat resistant to further mutation.


Message History

Confirm with . or Enter, or press ? or * to list all spells.
Okay, then.
The eight-headed hydra completely misses you.
The eight-headed hydra barely misses you.
The eight-headed hydra closely misses you.
The eight-headed hydra bites you but does no damage.
The eight-headed hydra misses you.
The eight-headed hydra completely misses you.
The eight-headed hydra bites you but does no damage.
The eight-headed hydra completely misses you.
Casting: Static Discharge (safe; 1% risk of failure)
Confirm with . or Enter, or press ? or * to list all spells.
You feel a surge of power!
The eight-headed hydra is struck by an arc of lightning.
The eight-headed hydra is almost dead.
You resist.
You are struck by an arc of lightning.
The lightning grounds out.
The eight-headed hydra misses you. The eight-headed hydra bites you. x2
The eight-headed hydra barely misses you.
The eight-headed hydra bites you but does no damage.
The eight-headed hydra bites you!
* * * LOW HITPOINT WARNING * * *
The eight-headed hydra bites you but does no damage.
The eight-headed hydra barely misses you.
Casting: Static Discharge (safe; 1% risk of failure)
Confirm with . or Enter, or press ? or * to list all spells.
You feel a surge of power!
The eight-headed hydra is struck by an arc of lightning.
The eight-headed hydra is almost dead.
You resist.
You are struck by an arc of lightning.
* * * LOW HITPOINT WARNING * * *
The lightning grounds out.
The eight-headed hydra bites you but does no damage.
The eight-headed hydra misses you. The eight-headed hydra bites you!
* * * LOW HITPOINT WARNING * * *
The eight-headed hydra barely misses you. x2
The eight-headed hydra bites you.
* * * LOW HITPOINT WARNING * * *
The eight-headed hydra bites you.
You die...
Your body crumbles into a pile of gold.

#...♣≈≈≈≈.≈≈≈≈≈≈≈ ≈≈≈
####..♣≈≈≈≈≈.≈≈≈≈≈P≈ ♣#
#.#..≈≈≈≈≈≈≈.≈≈≈≈≈≈≈
###...≈≈≈≈≈≈≈≈.≈≈≈♣♣♣♣ ♣
#.#..♣≈≈≈≈≈≈≈≈.≈≈♣♣ #≈≈#
P....♣♣≈≈≈≈≈≈≈.≈≈♣ #.
#....♣♣≈≈≈≈≈≈≈.≈≈♣♣ #.
#.....♣♣♣≈≈≈≈≈.≈≈≈♣ ... P...
...<...♣♣≈≈≈≈≈.≈@≈♣♣♣♣.....PP....
##....♣♣♣♣≈≈≈≈.≈D≈≈≈≈♣...........
###.## ♣♣≈≈≈≈.≈≈≈≈≈≈♣.......l...
### #♣≈♣≈≈≈.≈≈Y≈≈≈≈♣..........
#≈≈≈≈≈≈.≈Y≈≈≈≈≈≈♣.........
##≈≈≈≈≈.≈≈≈≈≈≈≈≈≈.#...... .
#≈≈≈♣≈.♣≈≈≈≈≈♣..##.......
....#≈♣....≈♣♣♣≈............
.....♣##...........##.......


You could see 2 death yaks and an eight-headed hydra.

Vanquished Creatures
  Kirke (Lair:4)
  Harold (D:7)
  6 hydras
  A catoblepas (Lair:6)
  A two-headed ogre (D:8)
  An oklob plant (Lair:1)
  11 elephants
  A merfolk siren (Lair:4)
  2 black mambas (Lair:3)
  13 cane toads
  7 komodo dragons
  4 rime drakes
  2 polar bears
  A troll (D:7)
  A hornet (D:9)
  8 dream sheep
  8 blink frogs
  A slime creature (Lair:6)
  4 hogs
  20 yaks
  2 basilisks
  A steam dragon (D:8)
  Eustachio (D:6)
  An acid dragon (D:9)
  30 water moccasins
  6 orc warriors
  5 black bears
  A hornet zombie (D:7)
  An ice beast (D:7)
  3 necrophages
  3 ogres
  3 centaurs
  A phantom (D:4)
  29 wolves
  A kobold brigand (D:8)
  3 elf zombies (Ossuary)
  2 scorpions
  11 bullfrogs
  3 electric eels
  5 howler monkeys
  A centaur zombie (D:9)
  10 jellies
  4 human zombies (Ossuary)
  7 orc priests
  4 gnoll shamans
  Crazy Yiuf (D:3)
  Terence (D:2)
  3 iguanas
  5 orc wizards
  11 hell rats
  2 hound zombies (Ossuary)
  3 mummies (Ossuary)
  A howler monkey zombie (D:9)
  Robin (D:3)
  19 gnolls
  2 howler monkey skeletons
  20 adders
  A shadow imp (D:7)
  An ufetubus (D:5)
  6 adder zombies (Ossuary)
  An adder skeleton (D:4)
  A worm (D:4)
  A dart slug (D:2)
  26 orcs
  2 bats (D:2)
  19 endoplasms
  2 giant cockroaches
  17 goblins
  8 hobgoblins
  7 jackals
  14 kobolds
  2 quokkas
  7 ball pythons
  2 frilled lizards (D:3)
  A gnoll zombie (Ossuary)
  A goblin zombie (Ossuary)
  4 hobgoblin zombies (Ossuary)
  4 jackal zombies (Ossuary)
  A kobold zombie (Ossuary)
  An orc zombie (Ossuary)
  4 quokka zombies (Ossuary)
  4 rats
  4 rat zombies (Ossuary)
442 creatures vanquished.

Vanquished Creatures (others)
  A bush (Lair:6)
  51 fungi
  111 plants
163 creatures vanquished.

Grand Total: 605 creatures vanquished

Notes
Turn   | Place    | Note
-------+----------+-------------------------------------------
     0 | D:1      | Feb132020 the Tengu Air Elementalist began the quest for
                  | the Orb.
     0 | D:1      | Reached XP level 1. HP: 10/10 MP: 4/4
   280 | D:1      | Found a faded altar of an unknown god.
   860 | D:1      | Reached XP level 2. HP: 15/15 MP: 1/6
   863 | D:1      | Learned a level 2 spell: Static Discharge
  1350 | D:2      | Noticed Terence
  1391 | D:2      | Reached XP level 3. HP: 19/19 MP: 1/7
  1484 | D:2      | Reached skill level 5 in Air Magic
  1882 | D:2      | Reached XP level 4. HP: 24/24 MP: 4/8
  2089 | D:2      | Killed Terence
  2653 | D:3      | Found an ornate altar of the Wu Jian Council.
  2691 | D:3      | Noticed Robin
  2850 | D:3      | Killed Robin
  2851 | D:3      | Gained mutation: Your magical nature lets you fly swiftly
                  | and evasively. [Tengu growth]
  2851 | D:3      | Reached XP level 5. HP: 28/28 MP: 5/9
  3189 | D:3      | Found a runed translucent door.
  3190 | D:3      | Noticed Crazy Yiuf
  3195 | D:3      | Killed Crazy Yiuf
  3810 | D:4      | Noticed an ogre
  3816 | D:4      | Killed an ogre
  3817 | D:4      | Reached skill level 6 in Air Magic
  3817 | D:4      | Reached XP level 6. HP: 32/32 MP: 3/11
  4379 | D:5      | Entered Level 5 of the Dungeon
  4508 | D:4      | Reached skill level 7 in Air Magic
  4508 | D:4      | Reached XP level 7. HP: 20/36 MP: 6/13
  4658 | D:5      | Learned a level 3 spell: Swiftness
  4663 | D:5      | Learned a level 4 spell: Airstrike
  4769 | D:5      | Found a staircase to the Ecumenical Temple.
  4841 | Temple   | Entered the Ecumenical Temple
  4846 | Temple   | Became a worshipper of Gozag Ym Sagoz the Greedy
  4960 | D:5      | Reached skill level 5 in Conjurations
  5471 | D:5      | Reached skill level 8 in Air Magic
  5471 | D:5      | Reached XP level 8. HP: 32/41 MP: 3/16
  6145 | D:6      | Noticed Eustachio
  6149 | D:6      | Killed Eustachio
  6150 | D:6      | Reached skill level 5 in Spellcasting
  6563 | D:6      | You are sucked into a shaft and drop 1 floor!
  6649 | D:7      | Found a sand-covered staircase.
  6658 | Ossuary  | Entered an ossuary
  6916 | Ossuary  | Reached skill level 1 in Fighting
  7121 | Ossuary  | Reached skill level 9 in Air Magic
  7474 | Ossuary  | Reached XP level 9. HP: 48/48 MP: 13/19
  8735 | D:7      | Reached skill level 10 in Air Magic
  8857 | D:7      | Noticed a troll
  8910 | D:7      | Noticed Harold
  8917 | D:7      | Killed Harold
  9000 | D:7      | Reached skill level 11 in Air Magic
  9381 | D:7      | Killed a troll
  9382 | D:7      | Reached XP level 10. HP: 53/53 MP: 5/23
 10712 | D:8      | Bought the +2 leather armour of Xywu {Regen+ Str+2} for 301
                  | gold pieces
 10775 | D:8      | Found Fiffug's Changing Room.
 10863 | D:8      | Reached skill level 1 in Staves
 10978 | D:8      | Noticed a two-headed ogre
 10983 | D:8      | Killed a two-headed ogre
 11119 | D:8      | Found Jiom Zol's Assorted Antiques.
 11123 | D:8      | Bought a fizzy puce potion for 27 gold pieces
 11151 | D:8      | Reached skill level 12 in Air Magic
 11562 | D:8      | Bought a scroll labelled BENOUR ISUH for 31 gold pieces
 12043 | D:8      | Bought a potion of mutation for 88 gold pieces
 12043 | D:8      | Gained mutation: You are somewhat resistant to further
                  | mutation. [potion of mutation]
 12043 | D:8      | Gained mutation: You are partially covered in iridescent
                  | scales. (AC +2) [potion of mutation]
 12161 | D:9      | Found Noc Julo's Weapon Shoppe.
 12183 | D:9      | Identified the +6 falchion of Xigyl {speed, rF+ rC+}
 12431 | D:8      | Bought a metallic silvery potion for 27 gold pieces
 12431 | D:8      | Bought an amethyst potion for 27 gold pieces
 12485 | D:9      | Reached skill level 1 in Armour
 12605 | D:9      | Found a staircase to the Lair.
 13063 | D:9      | Learned a level 1 spell: Magic Dart
 13066 | D:9      | Learned a level 2 spell: Searing Ray
 13071 | D:9      | Learned a level 4 spell: Fulminant Prism
 13141 | Lair:1   | Entered Level 1 of the Lair of Beasts
 13196 | Lair:1   | Noticed an eight-headed hydra
 13206 | Lair:1   | Killed an eight-headed hydra
 13207 | Lair:1   | Reached XP level 11. HP: 57/57 MP: 5/25
 13721 | Lair:1   | Reached skill level 13 in Air Magic
 13926 | Lair:1   | Reached skill level 10 in Spellcasting
 14250 | Lair:1   | Found a large runed translucent door.
 14251 | Lair:1   | Found a large runed translucent door.
 14252 | Lair:1   | Noticed anet's ghost (journeyman GnWz)
 14323 | Lair:1   | Noticed an oklob plant
 14335 | Lair:1   | Killed an oklob plant
 14794 | Lair:1   | Learned a level 1 spell: Apportation
 15249 | Lair:2   | Noticed a five-headed hydra
 15255 | Lair:2   | Killed a five-headed hydra
 15745 | Lair:2   | Reached XP level 12. HP: 59/64 MP: 6/27
 15944 | Lair:2   | Reached skill level 10 in Conjurations
 16251 | Lair:2   | Reached skill level 14 in Air Magic
 17233 | Lair:3   | Noticed a seven-headed hydra
 17326 | Lair:3   | Reached skill level 5 in Staves
 17437 | Lair:3   | Killed a seven-headed hydra
 17595 | Lair:3   | Found a hole to the Spider Nest.
 18088 | Lair:3   | Noticed a five-headed hydra
 18234 | Lair:3   | Killed a five-headed hydra
 18748 | Lair:3   | Noticed a four-headed hydra
 18749 | Lair:3   | Reached skill level 15 in Air Magic
 18824 | Lair:3   | Killed a four-headed hydra
 18879 | Lair:3   | Got the Incunabulum of the Compass
 19055 | Lair:4   | Reached XP level 13. HP: 67/68 MP: 15/29
 19863 | Lair:4   | Found a staircase to the Shoals.
 19952 | Lair:4   | Noticed Kirke
 20053 | Lair:3   | Reached skill level 5 in Dodging
 20583 | Lair:4   | Killed Kirke
 20704 | Lair:4   | Learned a level 5 spell: Silence
 21719 | Lair:5   | Reached skill level 16 in Air Magic
 22824 | Lair:6   | Entered Level 6 of the Lair of Beasts
 23748 | Lair:6   | Reached skill level 1 in Evocations
 24359 | Lair:6   | Reached XP level 14. HP: 74/74 MP: 16/32
 24430 | Lair:6   | Found a staircase to the Slime Pits.
 24465 | Lair:6   | HP: 1/74 [eight-headed hydra (6)]
 24465 | Lair:6   | Slain by an eight-headed hydra

Illustrated notes

Levels and vault maps discovered:
D:1:      denvon_arrival_planthouse, layout_basic,
          hellmonk_ecumenical_altar_blasted, minmay_statues_item
D:2:      layout_basic, st_stairs_2, uniq_terence
D:3:      layout_basic, nzn_wu_jian_contemplation, uniq_crazy_yiuf_cottage,
          uniq_robin
D:4:      minmay_evil_eye, layout_basic, kennysheep_doodads, sigmund_army
D:5:      layout_basic, minmay_temple_entry_proselytizer
D:6:      layout_loops_ring, uniq_eustachio
D:7:      layout_loops_ring, nicolae_ossuary_entry_ruins, grunt_ministairs_12,
          minmay_misc_feat_ornament, uniq_harold
D:8:      layout_cave_pools, serial_shops, nicolae_shop_crystal,
          minmay_strange_pillars, nicolae_transmutations_shop,
          kennysheep_generic_room_15
D:9:      layout_gridville, grunt_lair_entry_orc_guard_hut, serial_shops,
          nicolae_shop_statue_plus, minmay_misc_feat_chi, chequers_jeans
Temple:   grunt_wide_crystal_templ
Lair:1:   lemuel_slime, layout_gridlike, ebering_ghost_disaster_area,
          infiniplex_staircase_pool, grunt_megastairs_5
Lair:2:   lemuel_reptile_caves, layout_cave_pods, serial_bayou_lake_a
Lair:3:   nzn_winding_woodlands_stair_cross [nzn_winding_woodlands_5x15_eye,
          nzn_winding_woodlands_center_diamonds,
          nzn_winding_woodlands_5x15_garden,
          nzn_winding_woodlands_5x5_closed_star,
          nzn_winding_woodlands_5x5_open_star,
          nzn_winding_woodlands_5x15_crooked,
          nzn_winding_woodlands_center_triple_pond,
          nzn_winding_woodlands_5x15_split_checker], layout_regular_city,
          dummy_spider_entry
Lair:4:   layout_layer_cave, minmay_shoals_entry_lonely_mermaid,
          lemuel_fruit_fields, uniq_kirke
Lair:5:   layout_cellular_growth, serial_bayou_shore_b, lemuel_fruit_fields
Lair:6:   guppyfry_lair_end_dragon, layout_misc_corridors,
          hangedman_lair_in_review, minmay_slime_entry_pillars,
          serial_bayou_lagoon_b

Skill      XL: |  1  2  3  4  5  6  7  8  9 10 11 12 13 |
---------------+----------------------------------------+-----
Air Magic      | 5 6 7 8 9 11 12 13 15 16 | 16.8
Conjurations   | 2 3 4 5 6 7 8 9 10 11 | 11.2
Spellcasting   | 3 4 6 8 9 10 11 13 | 13.4
Stealth        | 3 4 |  4.3
Dodging        | 3 4 5 |  5.3
Fighting       | 1 2 3 |  3.3
Staves         | 2 4 5 |  5.8
Armour         | 1 3 4 |  4.1
Evocations     | 1 |  1.0

Action                   |  1- 3 |  4- 6 |  7- 9 | 10-12 | 13-15 || total
-------------------------+-------+-------+-------+-------+-------++-------
Melee: Staff             |    16 |       |     5 |    26 |    15 ||    62
       Peck              |     2 |       |       |    27 |     4 ||    33
       Kick              |     1 |       |       |    46 |     9 ||    56
       Quarterstaff      |       |       |       |   166 |    30 ||   196
 Cast: Shock             |    54 |    77 |   230 |   233 |    50 ||   644
       Static Discharge  |       |    10 |    46 |    79 |    73 ||   208
       Airstrike         |       |       |    24 |   115 |   126 ||   265
       Searing Ray       |       |       |       |     2 |       ||     2
       Swiftness         |       |       |       |     1 |       ||     1
Invok: Call Merchant     |       |       |       |     2 |       ||     2
Evoke: Wand              |       |       |     2 |       |     3 ||     5
  Use: Scroll            |     2 |     3 |     6 |    12 |     1 ||    24
       Potion            |       |       |       |     2 |       ||     2
 Stab: Sleeping          |       |       |       |     3 |       ||     3
       Distracted        |       |       |       |     2 |       ||     2
Armor: Robe              |     7 |       |     5 |     1 |       ||    13
       Leather armour    |       |       |       |    88 |    52 ||   140
Dodge: Dodged            |    26 |     6 |    32 |   258 |   121 ||   443

Table legend: (Time is in decaauts)
 A = Elapsed time spent in this place.
 B = Non-inter-level travel time spent in this place.
 C = Inter-level travel time spent in this place.
 D = Time resting spent in this place.
 E = Time spent auto-exploring this place.
 F = Levels seen in this place.
 G = Mean time per level.
                   A        B        C        D        E       F      G
               +--------+--------+--------+--------+--------+-----+--------+
         Total |  23508 |  22812 |    696 |   1567 |  18159 |  17 | 1382.8 |
       Dungeon |  11254 |  10744 |    510 |    516 |   8947 |   9 | 1250.4 |
        Temple |     58 |     44 |     14 |      0 |     39 |   1 |   58.0 |
          Lair |  10821 |  10649 |    172 |    988 |   8040 |   6 | 1803.5 |
       Ossuary |   1373 |   1373 |      0 |     63 |   1131 |   1 | 1373.0 |
               +--------+--------+--------+--------+--------+-----+--------+

Top non-repeatable levels by time:
  Lair:5: 2574 daAuts
     D:7: 2056 daAuts
  Lair:3: 1991 daAuts
  Lair:2: 1983 daAuts
  Lair:1: 1780 daAuts
  Lair:4: 1438 daAuts
 Ossuary: 1373 daAuts
     D:8: 1337 daAuts
     D:5: 1330 daAuts
     D:9: 1285 daAuts
     D:3: 1230 daAuts
     D:2: 1209 daAuts
     D:1: 1057 daAuts
  Lair:6: 1053 daAuts
     D:4: 983 daAuts
